 Dungeon Crawl Stone Soup version 0.29-a0-322-g68df515428 (webtiles) character file.

Game seed: 931565611749469343

37 kae the Firebug (level 3, -6/20 HPs)
             Began as a Tengu Fire Elementalist on Apr 8, 2022.
             Killed from afar by Robin (9 damage)
             ... with a puff of flame
             ... on level 2 of the Dungeon.
             The game lasted 00:00:37 (1282 turns).

kae the Firebug (Tengu Fire Elementalist)           Turns: 1282, Time: 00:00:39

Health: -6/20      AC:  2    Str:  8    XL:     3   Next: 41%
Magic:  7/7        EV: 12    Int: 17    God:
Gold:   89         SH:  0    Dex: 14    Spells: 0/6 levels left

rFire   . . .      SeeInvis .   (no weapon)
rCold   . . .      Faith    .   (no shield)
rNeg    . . .      Spirit   .   a - +0 robe
rPois   .          Reflect  .   (helmet restricted)
rElec   .          Harm     .   (no cloak)
rCorr   .          Rampage  .   (no gloves)
Will    .....                   (boots unavailable)
Stlth   ++........              (no amulet)
HPRegen 0.06/turn               (no ring)
MPRegen 0.10/turn               (no ring)

@: no status effects
A: beak, talons 3
a: no special abilities


You were on level 2 of the Dungeon.
You visited 1 branch of the dungeon, and saw 2 of its levels.

You collected 89 gold pieces.

Inventory:

Missiles
 e - a throwing net
Armour
 a - a +0 robe (worn)
Scrolls
 d - a scroll of identify
Potions
 c - a potion of attraction


   Skills:
 + Level 0.9 Fighting
 + Level 1.1 Armour
 + Level 2.5 Dodging
 - Level 2.0 Stealth
 + Level 2.2 Spellcasting
 + Level 2.0 Conjurations
 + Level 3.5 Fire Magic


You couldn't memorise any spells.
You knew the following spells:

 Your Spells              Type           Power      Damage    Failure   Level
a - Foxfire               Conj/Fire      44%        2x1d6     6%          1
b - Scorch                Fire           28%        2d6       7%          2
c - Conjure Flame         Conj/Fire      11%        6-21      19%         3

Your spell library contained the following spells:

 Spells                   Type           Power      Damage    Failure   Level
 Inner Flame              Hex/Fire       8%         N/A       26%         3
 Flame Wave               Conj/Fire      11%        2d5       52%         4
 Fireball                 Conj/Fire      5%         3d5       86%         5
 Starburst                Conj/Fire      5%         6d4       100%        6
 Ignition                 Fire           7%         3d4       100%        8


Dungeon Overview and Level Annotations

Branches:
Dungeon (2/15)

Altars:

Annotations:
D:2 Robin


Innate Abilities, Weirdness & Mutations

You have a beak for a mouth.
You have claws for feet.


Message History

Your foxfire dissipates!
Casting: Foxfire (safe; 6% risk of failure)
Confirm with . or Enter, or press ? or * to list all spells.
You conjure some foxfire!
The foxfire hits the hobgoblin.
You kill the hobgoblin!
Casting: Foxfire (safe; 6% risk of failure)
Confirm with . or Enter, or press ? or * to list all spells.
You conjure some foxfire!
The foxfire hits Robin.
Robin is lightly wounded.
A hobgoblin comes into view.
Robin roars a battlecry!
The hobgoblin goes into a battle-frenzy!
You hear a shout! x2
The foxfire hits Robin but does no damage.
Robin is lightly wounded.
The foxfire hits Robin.
Robin is moderately wounded.
Casting: Foxfire (safe; 6% risk of failure)
Confirm with . or Enter, or press ? or * to list all spells.
You conjure some foxfire!
Robin zaps a wand.
The puff of flame hits you!
Ouch! That really hurt!
The foxfire hits Robin.
Robin is moderately wounded.
The foxfire hits Robin.
Robin is heavily wounded.
Robin laughs in a distinctly smug fashion.
Robin zaps a wand.
The puff of flame hits you.
* * * LOW HITPOINT WARNING * * *
Casting: Foxfire (safe; 6% risk of failure)
Confirm with . or Enter, or press ? or * to list all spells.
You conjure some foxfire!
The foxfire hits Robin but does no damage.
Robin is heavily wounded.
The foxfire hits Robin but does no damage.
Robin is heavily wounded.
Robin hits you with a +0 dagger.
* * * LOW HITPOINT WARNING * * *
Magic courses through your body.
Robin zaps a wand.
The puff of flame hits you!
You die...

# #.# #.. # #.# #.# # #.# #.# #..
. # ##.## #.# #.# #.. ###...####
#.# #.# #.. .........# #.# ##.##
#..
.##...##.###########.####...###..
.###.###.........gg.g............
.# #.######.####@####.###...####.
.# #.............###.#.##....g)).
.# ########.###.....###..).#####.
.# #.# ##.###.#)##.#.####. ## #.#
#...###)##.###.....
#.###.#.###.###.#.#####
............# #..## .####.#######
#.## . #. #.#


You could see Robin, a hobgoblin (strong) and a goblin (strong).

Vanquished Creatures
  An adder (D:2)
  A ball python (D:1)
  2 endoplasms (D:2)
  8 goblins
  3 hobgoblins
  3 jackals (D:1)
  A kobold (D:1)
  2 bats (D:2)
  4 rats (D:1)
25 creatures vanquished.

Vanquished Creatures (others)
  67 foxfires
67 creatures vanquished.

Grand Total: 92 creatures vanquished

Notes
Turn   | Place    | Note
-------+----------+-------------------------------------------
     0 | D:1      | kae the Tengu Fire Elementalist began the quest for the
                  | Orb.
     0 | D:1      | Reached XP level 1. HP: 10/10 MP: 4/4
   176 | D:1      | Reached XP level 2. HP: 16/16 MP: 1/6
   182 | D:1      | Learned a level 2 spell: Scorch
   992 | D:2      | Reached skill level 1 in Armour
   992 | D:2      | Reached XP level 3. HP: 10/20 MP: 1/7
   996 | D:2      | Learned a level 3 spell: Conjure Flame
  1259 | D:2      | Noticed Robin
  1282 | D:2      | Killed from afar by Robin

Illustrated notes

Levels and vault maps discovered:
D:1:      psy_arrival_statuary, layout_rooms, grunt_decor_cap,
          minmay_tree_intersection, minmay_liquid_box
D:2:      layout_loops_ring, dk_noncrumbling_3, roderic_cross_of_infinity,
          minmay_tromino_i2, uniq_robin

Skill      XL: |  1  2 |
---------------+-------+-----
Armour         | 1 |  1.1
Conjurations   | 2 |  2.0
Fighting       | |  0.9
Dodging        | |  2.5
Stealth        | |  2.0
Spellcasting   | |  2.2
Fire Magic     | |  3.5

Action                   || total
-------------------------++-------
Melee: Unarmed           ||     4
       Peck              ||     1
 Cast: Foxfire           ||    41
       Scorch            ||     1
  Use: Scroll            ||     1
       Potion            ||     1
Armor: Robe              ||     4
Dodge: Dodged            ||     7

Table legend: (Time is in decaauts)
 A = Elapsed time spent in this place.
 B = Non-inter-level travel time spent in this place.
 C = Inter-level travel time spent in this place.
 D = Time resting spent in this place.
 E = Time spent auto-exploring this place.
 F = Levels seen in this place.
 G = Mean time per level.
                   A        B        C        D        E       F      G
               +--------+--------+--------+--------+--------+-----+--------+
         Total |   1283 |   1234 |     49 |     14 |   1059 |   2 |  641.5 |
       Dungeon |   1283 |   1234 |     49 |     14 |   1059 |   2 |  641.5 |
               +--------+--------+--------+--------+--------+-----+--------+

Top non-repeatable levels by time:
     D:1: 739 daAuts
     D:2: 543 daAuts
